 Dungeon Crawl Stone Soup version bcrawl-1.38.1 (webtiles) character file.

Game seed: 14902237516851901495

121058 Morbidden the Ducker (level 3, -1/32 HPs)
             Began as a Troll Archaeologist on Apr 3, 2023.
             Slain by a kobold (2 damage)
             ... in a sewer.
             The game lasted 00:02:45 (1600 turns).

Morbidden the Ducker (Troll Archaeologist)          Turns: 1600, Time: 00:02:45

Health: -1/32      AC: 10    Str: 19    XL:     3   Next: 83%
Magic:  2/2        EV:  1    Int: 12    God:
Gold:   158        SH: 11    Dex:  8    Spells: 2/2 levels left

rFire    . . .     GDR:     24%   - Claws (13.0)
rCold    . . .     SeeInvis .   x - +0 large shield
rNeg     . . .     Gourm    +   (armour unavailable)
rPois    .         Faith    .   c - +1 hat
rElec    .         Spirit   .   (no cloak)
rCorr    .         Reflect  .   (gloves unavailable)
MR       .....                  (boots unavailable)
Stlth    ++........             (no amulet)
HPRegen  0.15/turn              u - +4 ring of protection
MPRegen  0.08/turn              (no ring)

@: no status effects
A: large, almost no armour, claws 3, fast metabolism 3, gourmand, AC +5
a: no special abilities


You were in a sewer.
You were full.

You visited 1 branch of the dungeon, and saw 3 of its levels.
You also visited: Sewer.

You collected 158 gold pieces.

Inventory:

Hand Weapons
 b - a +1 hunting sling of velocity
 h - a +0 blowgun
Missiles
 a - 199 sling bullets
 d - 6 curare-tipped needles
 k - 615 stones (quivered)
 q - 67 poisoned needles
Armour
 c - a +1 hat (worn)
 x - a +0 large shield (worn)
Jewellery
 u - a +4 ring of protection (left claw)
Wands
 v - a wand of charming (5)
Scrolls
 i - 4 scrolls of identify
 l - 2 scrolls of fog {unknown}
 m - a scroll of immolation {unknown}
 s - a scroll of teleportation {unknown}
 y - a scroll of remove curse {unknown}
 z - a scroll of noise {unknown}
Potions
 j - a potion of magic {unknown}
 n - a potion of might {unknown}
 o - 2 potions of mutation {unknown}
 p - 2 potions of curing {unknown}
 r - a potion of heal wounds {unknown}
 t - a potion of haste {unknown}
 w - a potion of degeneration {unknown}
Miscellaneous
 f - a dusty tome
Comestibles
 e - 3 rations {!d}


   Skills:
 * Level 0.9 Fighting
   Level 1.0 Maces & Flails
 * Level 0.7 Throwing
 * Level 2.9 Dodging
 + Level 2.0 Stealth
 * Level 0.2 Shields
 * Level 1.3 Unarmed Combat
 * Level 0.2 Spellcasting
 * Level 0.5 Evocations


You had 2 spell levels left.
You didn't know any spells.
Your spell library was empty.

Dungeon Overview and Level Annotations

Branches:
Dungeon (3/12)

Altars:
Kikubaaqudgha
Qazlal
The Shining One


Innate Abilities, Weirdness & Mutations

You cannot wear most types of armour.
Your thick skin is tough. (AC +5)
You are too large for most types of armour.
You have claws for hands.
Your metabolism is lightning-fast.
You like to eat raw meat.


Message History

You block the kobold's attack. You block the kobold brigand's attack.
You block the kobold's attack.
You barely miss the kobold brigand.
The kobold brigand is almost dead.
The kobold brigand hits you but does no damage.
The kobold hits you but does no damage.
You closely miss the kobold brigand.
The kobold brigand is almost dead.
The kobold brigand hits you.
* * * LOW HITPOINT WARNING * * *
You block the kobold's attack.
Your shield prevents you from hitting the kobold brigand.
The kobold brigand is almost dead.
The kobold brigand hits you.
* * * LOW HITPOINT WARNING * * *
The kobold hits you.
* * * LOW HITPOINT WARNING * * *
The kobold brigand hits you but does no damage.
The kobold hits you.
You die...

≈≈≈≈≈≈≈≈≈≈≈≈≈≈≈≈≈≈≈≈≈
≈≈≈≈≈≈≈≈≈≈≈≈≈≈≈≈≈≈≈≈≈
≈≈≈≈≈≈≈≈≈≈≈≈≈≈≈≈≈≈≈≈
≈≈≈≈≈≈≈≈≈≈≈≈≈≈≈≈≈≈≈
≈≈≈≈≈≈≈≈≈≈≈≈≈≈≈≈≈#### ##≈
..≈≈..≈≈.≈≈≈≈≈≈≈≈#..#.!#≈
..........≈.....≈#.....#≈
................KKK...#
....##..÷.......@#.....#≈
...#####÷.......##..#.!#≈
#...######...#### ### ##≈
###..∩# ##### #####


You could see a kobold brigand and 2 kobolds.

Vanquished Creatures
  An adder (D:3)
  An ooze (D:1)
  2 worms
  3 dart slugs
  A leopard gecko (D:2)
  An orc (D:3)
  4 goblins
  4 hobgoblins
  A jackal (D:2)
  A quokka (D:2)
  4 bats
  4 frilled lizards
  4 kobolds
  5 rats
36 creatures vanquished.

Notes
Turn   | Place    | Note
-------+----------+-------------------------------------------
     0 | D:1      | Morbidden the Troll Archaeologist began the quest for the
                  | Orb.
     0 | D:1      | Reached XP level 1. HP: 18/18 MP: 0/0
   186 | D:1      | Reached XP level 2. HP: 18/26 MP: 1/1
   927 | D:2      | Reached XP level 3. HP: 9/32 MP: 2/2
  1271 | D:2      | Found a faded altar of an unknown god.
  1271 | D:2      | Found a stormy altar of Qazlal.
  1280 | D:2      | Found a glowing golden altar of the Shining One.
  1287 | D:2      | Reached skill level 1 in Unarmed Combat
  1313 | D:2      | Found an ancient bone altar of Kikubaaqudgha.
  1315 | D:2      | Found a faded altar of an unknown god.
  1452 | D:3      | Found a glowing drain.
  1489 | Sewer    | Entered a sewer
  1561 | Sewer    | Noticed a kobold brigand
  1600 | Sewer    | HP: 1/32 [kobold (1)]
  1600 | Sewer    | Slain by a kobold

Skill      XL: |  1  2  3 |
---------------+----------+-----
Unarmed Combat | 1 |  1.3
Stealth        | 2 |  2.0
Fighting       | |  0.9
Maces & Flails | |  1.0
Throwing       | |  0.7
Dodging        | |  2.9
Shields        | |  0.2
Spellcasting   | |  0.2
Evocations     | |  0.5

Action                   || total
-------------------------++-------
Melee: Unarmed           ||   141
Throw: Stone             ||     6
  Use: Scroll            ||     3
 Stab: Sleeping          ||     1
  Eat: Chunk             ||    17
Armor: Skin              ||    93
Dodge: Dodged            ||    25
Block: Large shield      ||    66
